 Dungeon Crawl Stone Soup version 0.20-a0-941-gba1b1f9 (webtiles) character file.

87 Wendigo the Skirmisher (level 4, 0/38 HPs)
             Began as a Demonspawn Monk on Mar 31, 2017.
             Was a Priest of Ashenzari.
             Succumbed to Sigmund's poison
             ... on level 4 of the Dungeon.
             The game lasted 00:07:39 (3790 turns).

Wendigo the Skirmisher (Demonspawn Monk)            Turns: 3790, Time: 00:07:40

Health: 0/38       AC:  8    Str: 13    XL:     4   Next: 28%
Magic:  4/4        EV:  7    Int: 11    God:    Ashenzari [***...]
Gold:   81         SH:  0    Dex: 15    Spells: 3/3 levels left

rFire    . . .     SeeInvis +   u - +0 dagger
rCold    . . .     Gourm    .   (no shield)
rNeg     . . .     Faith    .   d - +0 chain mail (curse)
rPois    .         Spirit   .   (no helmet)
rElec    .         Reflect  .   (no cloak)
rCorr    .         Harm     .   (no gloves)
MR       .....                  (no boots)
Stlth    ..........             (no amulet)
Regen    0.2/turn               (no ring)
MPRegen  0.1/turn               (no ring)

@: lethally poisoned (0 -> -32)
A: claws 1, powered by pain 1
a: Curse Item, Scrying, Renounce Religion


You were on level 4 of the Dungeon.
You worshipped Ashenzari.
Ashenzari was most pleased with you.
You were not hungry.

You visited 1 branch of the dungeon, and saw 4 of its levels.

You collected 81 gold pieces.

Inventory:

Hand Weapons
 n - a +1 hunting sling
 u - a +0 dagger (weapon)
Missiles
 o - 71 stones (quivered)
Armour
 a - a +0 robe
 d - a cursed +0 chain mail (worn)
 j - a +0 shield
Wands
 q - a wand of flame (14/48)
Scrolls
 e - a scroll of enchant weapon
 s - a scroll of enchant armour {unknown}
Potions
 c - 2 potions of brilliance
 f - 2 potions of haste
 h - a potion of curing {unknown}
 k - a potion of mutation {unknown}
 l - a potion of ambrosia {unknown}
 m - 2 potions of heal wounds {unknown}
 p - 2 potions of resistance {unknown}
 r - a potion of lignification {unknown}
 t - a potion of agility {unknown}
Comestibles
 b - 2 bread rations
 i - a meat ration
 v - a royal jelly


   Skills:
 + Level 4.6 Fighting
 + Level 0.6 Armour
 + Level 4.0 Dodging
 + Level 4.4 Stealth


You had 3 spell levels left.
You didn't know any spells.

Dungeon Overview and Level Annotations

Branches:
Dungeon (4/15)
 Temple: D:4-7

Altars:
Ashenzari

Annotations:
D:2 exclusion: 2 downstairs
D:3 jrtrd's ghost, weakling MfTm
D:4 Sigmund


Innate Abilities, Weirdness & Mutations

You have sharp fingernails.
You sometimes gain a little power by taking damage.


Message History

Sigmund is moderately wounded.
* * * LOW HITPOINT WARNING * * *
You feel sick. The quokka barely misses you. Sigmund asks, "Do you like me?"
Sigmund hits you with a scythe of venom.
* * * LOW HITPOINT WARNING * * *
You are more poisoned.
You hit Sigmund.
Sigmund is moderately wounded.
* * * LOW HITPOINT WARNING * * *
You feel sick. The quokka closely misses you.
You hit Sigmund but do no damage.
Sigmund is moderately wounded.
* * * LOW HITPOINT WARNING * * *
You feel sick. The quokka barely misses you.
Sigmund hits you but does no damage.
You are more poisoned.
Your chain mail prevents you from hitting Sigmund.
Sigmund is moderately wounded.
You die...

* ,,, ,, #* , *
.##. *#... , ,,
####* *#...
##...####..# * ,
##......#..# *
#......<..##
*........r@.#*
..........@.#
.............# **
*
,...............#
* ............?..#
, .........8.8.8.#
,................#
...(...........#*
, ** , , , *,


You could see Sigmund (invisible) and a quokka.

Vanquished Creatures
  5 adders
  A dart slug (D:1)
  3 leopard geckos (D:2)
  4 bats
  A giant cockroach (D:3)
  7 hobgoblins (D:2)
  3 jackals
  A quokka (D:2)
  5 frilled lizards
  3 goblins
  A kobold (D:1)
  3 rats
37 creatures vanquished.

Notes
Turn   | Place    | Note
-------+----------+-------------------------------------------
     0 | D:1      | Wendigo the Demonspawn Monk began the quest for the Orb.
     0 | D:1      | Reached XP level 1. HP: 19/19 MP: 1/1
  1118 | D:2      | Found a faded altar of an unknown god.
  1203 | D:1      | Gained mutation: You sometimes gain a little power by taking damage. [demonic ancestry]
  1203 | D:1      | Reached XP level 2. HP: 19/25 MP: 2/2
  1579 | D:2      | Became a worshipper of Ashenzari the Shackled
  1579 | D:2      | Reached * piety under Ashenzari
  1579 | D:2      | Reached ** piety under Ashenzari
  1986 | D:2      | Gained mutation: You have sharp fingernails. [demonic ancestry]
  1986 | D:2      | Reached XP level 3. HP: 30/31 MP: 3/3
  2719 | D:2      | Reached *** piety under Ashenzari
  2769 | D:2      | Reached XP level 4. HP: 17/38 MP: 4/4
  3226 | D:3      | Noticed jrtrd's ghost (weakling MfTm)
  3776 | D:4      | Noticed Sigmund
  3790 | D:4      | Succumbed to Sigmund's poison

Vault maps used:
D:1:      zaba_arrival_water, minmay_misc_feat_columns
D:2:      first_bread, chequers_ecumenical_altar_island
D:4:      eat_drink_and_be_merry_uskayaw, uniq_natasha, uniq_sigmund

Skill      XL: |  1  2  3 |
---------------+----------+-----
Stealth        | 4 |  4.4
Dodging        | 4 |  4.0
Fighting       | |  4.6
Armour         | |  0.6

Action                   |  1- 3 |  4- 6 || total
-------------------------+-------+-------++-------
Melee: Unarmed           |   126 |       ||   126
       Dagger            |    19 |    80 ||    99
 Fire: Hunting sling     |    76 |       ||    76
  Use: Scroll            |     1 |     3 ||     4
  Eat: Chunk             |     6 |     3 ||     9
Armor: Chain mail        |   141 |    60 ||   201
Dodge: Dodged            |    67 |    44 ||   111
